 Dungeon Crawl Stone Soup version 0.32-a0-616-g9348d4545b (webtiles) character file.

Game seed: 873178965475895938

289 Shayle the Apothecary (level 6, -8/46 HPs)
             Began as a Coglin Alchemist on Mar 5, 2024.
             Splashed by a jelly's acid (9 damage)
             ... on level 4 of the Dungeon.
             The game lasted 00:10:53 (2948 turns).

Shayle the Apothecary (Coglin Alchemist)            Turns: 2948, Time: 00:10:53

Health: -8/46      AC: -2    Str:  8    XL:     6   Next: 31%
Magic:  7/10       EV: 11    Int: 17    God:
Gold:   257        SH:  0    Dex: 14    Spells: 6/10 levels left

rFire   . . .        m - +1 dagger (freeze) {Nittaya}
rCold   . . .        q - staff of death {Izel}
rNeg    + . .        l - +0 leather armour
rPois   .            o - +0 helmet
rElec   .            (no cloak)
rCorr   .            (no gloves)
SInv    .            f - +1 pair of boots
Will    .....        (amulet unavailable)
Stlth   ++           (ring unavailable)
HPRegen 0.27/turn    (ring unavailable)
MPRegen 0.12/turn    (no gizmo)

%: no passive effects
@: corroded, revved
A: off-hand wielding, slow wielding, warmup strikes, no jewellery
a: Invent Gizmo


You were on level 4 of the Dungeon.
You visited 1 branch of the dungeon, and saw 4 of its levels.

You collected 257 gold pieces.

Inventory:

Hand Weapons
 b - a +0 dagger {Nimrit}
 d - a +0 trident {Javier}
 m - a +1 dagger of freezing (weapon) {Nittaya}
Armour
 a - a +0 robe
 f - a +1 pair of boots (worn)
 l - a +0 leather armour (worn)
 o - a +0 helmet (worn)
Magical Staves
 q - a staff of death (offhand) {Izel}
Scrolls
 g - 6 scrolls of enchant weapon {unknown}
 h - 4 scrolls of blinking {unknown}
 j - a scroll of fog {unknown}
 n - a scroll of amnesia {unknown}
 r - a scroll of vulnerability {unknown}
 s - 3 scrolls of identify {unknown}
 t - a scroll of teleportation {unknown}
Potions
 c - a potion of curing {unknown}
 e - 2 potions of might {unknown}
 i - 3 potions of brilliance
 p - a potion of experience {unknown}


   Skills:
 + Level 2.4 Fighting
 - Level 1.7 Dodging
 - Level 1.5 Stealth
 + Level 2.8 Spellcasting
 + Level 2.5 Conjurations
 + Level 1.6 Necromancy
 + Level 1.4 Air Magic
 + Level 4.3 Alchemy


You had 6 spell levels left.
You knew the following spells:

 Your Spells              Type           Power      Damage    Failure   Level
a - Sting                 Conj/Alch      56%        1d6       6%          1
b - Mephitic Cloud        Conj/Alch/Air  11%        N/A       26%         3

Your spell library contained the following spells:

 Spells                   Type           Power      Damage    Failure   Level
 Mercury Vapours          Alch/Air       24%        N/A       12%         2
 Olgreb's Toxic Radiance  Alch           17%        N/A       41%         4
 Sticky Flame             Fire/Alch      9%         2d5       71%         4


Dungeon Overview and Level Annotations

Branches:
Dungeon (4/15)
 Temple: D:4-7

Altars:
Elyvilon
Fedhas
Makhleb
Okawaru
Zin

Annotations:
D:3 2 runed translucent doors, DeathSocks's ghost, amateur CoHu


Innate Abilities, Weirdness & Mutations

You can wield a second weapon in your off-hand.
It takes a long time for you to wield or remove held weapons.
Your first few attacks do less damage.
You cannot equip rings or amulets.


Message History

You hit the jelly with your +1 dagger of freezing.
You freeze the jelly.
Your graspers burn!
The jelly hits you.
You are splashed with acid.
You hit the jelly with your +1 dagger of freezing.
You freeze the jelly. The acid corrodes you!
Your graspers burn!
The jelly is severely wounded.
You barely miss the jelly with your staff of death.
The jelly hits you. The acid corrodes you!
You are splashed with acid!
You hit the jelly but do no damage.
Your graspers burn!
The jelly is severely wounded.
You barely miss the jelly with your staff of death.
The jelly hits you.
You are splashed with acid.
You hit the jelly but do no damage.
Your graspers burn!
* * * LOW HITPOINT WARNING * * *
The jelly is severely wounded.
You hit the jelly but do no damage.
Your graspers burn!
* * * LOW HITPOINT WARNING * * *
The jelly hits you.
* * * LOW HITPOINT WARNING * * *
You are splashed with acid!
* * * LOW HITPOINT WARNING * * *
The jelly misses you.
Okay, then.
Okay, then.
Okay, then.
Casting: Sting (safe; 6% risk of failure)
Confirm with . or Enter, or press ? or * to list all spells.
Okay, then.
Casting: Sting (safe; 6% risk of failure)
Confirm with . or Enter, or press ? or * to list all spells.
Aiming: Sting (safe; 6% risk of failure)
Press: ? - help, Shift-Dir - straight line, f/p - jelly
Aim: a jelly (severely wounded, poisoned, 100% to hit)
The sting hits the jelly.
The jelly partially resists.
The jelly looks even sicker.
The jelly is severely wounded.
The jelly hits you.
* * * LOW HITPOINT WARNING * * *
You are splashed with acid!
You die...

### #### #####
####.########...#
#...#######.#.............##
#.#.....##...#.##..........
..#.............#.._..#..#
#####...##...#[.#._ß_....#
.(#...#.###.###.#.._..##
#.#.###.# #.# #.@J....#
....# #.# #.# #######.#
##......# #.## .#
##.#######...## J. ##)#
##.....## ### ...#
##..[....##
...####.........#
......'.........+
...####.........#


You could see a jelly (very poisoned).

Vanquished Creatures
  A phantom (D:4)
  A bombardier beetle (D:2)
  A howler monkey (D:4)
  An iguana (D:4)
  3 gnolls (D:3)
  An adder (D:4)
  A ribbon worm (D:2)
  A dart slug (D:3)
  An orc (D:3)
  4 ball pythons
  5 endoplasms
  2 giant cockroaches
  6 goblins
  10 hobgoblins
  7 jackals
  4 quokkas
  7 bats
  2 frilled lizards
  8 kobolds
  6 rats
72 creatures vanquished.

Vanquished Creatures (others)
  An endoplasm (D:3)
1 creature vanquished.

Grand Total: 73 creatures vanquished

Notes
Turn   | Place    | Note
-------+----------+-------------------------------------------
     0 | D:1      | Shayle the Coglin Alchemist began the quest for the Orb.
     0 | D:1      | Reached XP level 1. HP: 13/13 MP: 3/3
    50 | D:1      | Reached skill level 1 in Conjurations
   314 | D:1      | Found a faded altar of an unknown god.
   339 | D:1      | Reached XP level 2. HP: 20/20 MP: 4/4
   546 | D:1      | Reached skill level 1 in Fighting
   665 | D:1      | Reached XP level 3. HP: 26/26 MP: 6/6
   669 | D:1      | Learned a level 3 spell: Mephitic Cloud
   824 | D:1      | You fall into a shaft and drop 1 floor!
  1576 | D:3      | Reached XP level 4. HP: 27/32 MP: 7/7
  1745 | D:3      | Reached skill level 4 in Alchemy
  1745 | D:3      | Reached XP level 5. HP: 38/38 MP: 8/8
  1929 | D:3      | Found a burning altar of Makhleb.
  1958 | D:3      | Found a large runed translucent door.
  1963 | D:3      | Found a large runed translucent door.
  1966 | D:3      | Noticed DeathSocks's ghost (amateur CoHu)
  2293 | D:4      | Reached skill level 1 in Necromancy
  2500 | D:4      | Reached skill level 1 in Air Magic
  2528 | D:4      | Noticed a phantom
  2552 | D:4      | Killed a phantom
  2553 | D:4      | Reached XP level 6. HP: 32/45 MP: 10/10
  2924 | D:4      | Found an iron altar of Okawaru.
  2925 | D:4      | Found a blossoming altar of Fedhas.
  2926 | D:4      | Found a white marble altar of Elyvilon.
  2926 | D:4      | Found a glowing silver altar of Zin.
  2948 | D:4      | HP: 1/46 [jelly (3)]
  2948 | D:4      | Splashed by a jelly's acid

Illustrated notes

Levels and vault maps discovered:
D:1:      lightli_arrival_statuegarden, layout_basic,
          shapermc_ecumenical_altar_starsandcircs
D:2:      layout_rooms, serial_aquarium, aquarium_bridge_square
          [aquarium_subvault_wall, aquarium_subvault_wall,
          aquarium_subvault_window, aquarium_subvault_bridge],
          aquarium_window_1, aquarium_window_2, aquarium_window_1,
          aquarium_view_2d, aquarium_view_2b, aquarium_balcony_5a
D:3:      layout_basic, mainiacjoe_overflow_catwalk,
          ebering_ghost_disaster_area, lemuel_flame_loot_1
D:4:      layout_loops_corners, chequers_temple_overflow_statue_of_worship,
          nicolae_zig_zag_zippers

Skill      XL: |  1  2  3  4  5 |
---------------+----------------+-----
Conjurations   | 1 2 |  2.5
Spellcasting   | 2 |  2.8
Fighting       | 1 2 |  2.4
Alchemy        | 4 |  4.3
Necromancy     | 1 |  1.6
Air Magic      | 1 |  1.4
Dodging        | |  1.7
Stealth        | |  1.5

Action                     |  1- 3 |  4- 6 || total
---------------------------+-------+-------++-------
  Melee: Unarmed           |    10 |       ||    10
         Dagger            |   104 |    90 ||   194
         Trident           |    87 |       ||    87
         Staff             |    11 |    83 ||    94
   Cast: Sting             |     7 |     8 ||    15
         Mephitic Cloud    |       |     1 ||     1
    Use: Potion            |     3 |     1 ||     4
   Stab: Sleeping          |     3 |     1 ||     4
         Distracted        |     1 |       ||     1
 Armour: Robe              |    31 |       ||    31
         Leather armour    |    44 |    54 ||    98
  Dodge: Dodged            |    93 |    63 ||   156

Table legend: (Time is in decaauts)
 A = Elapsed time spent in this place.
 B = Non-inter-level travel time spent in this place.
 C = Inter-level travel time spent in this place.
 D = Time resting spent in this place.
 E = Time spent auto-exploring this place.
 F = Levels seen in this place.
 G = Mean time per level.
                   A        B        C        D        E       F      G
               +--------+--------+--------+--------+--------+-----+--------+
         Total |   2973 |   2894 |     79 |    135 |   1900 |   4 |  743.2 |
       Dungeon |   2973 |   2894 |     79 |    135 |   1900 |   4 |  743.2 |
               +--------+--------+--------+--------+--------+-----+--------+

Top non-repeatable levels by time:
     D:1: 831 daAuts
     D:4: 763 daAuts
     D:2: 714 daAuts
     D:3: 663 daAuts
